 Dungeon Crawl Stone Soup version 0.31-a0-185-g9dded2c639 (webtiles) character file.

Game seed: 7450465855090630517

87 qw the Shooter (level 4, -2/25 HPs)
             Began as a Deep Elf Hunter on June 22, 2023.
             Slain by Sigmund
             ... wielding a +0 scythe
              (6 damage)
             ... on level 2 of the Dungeon.
             The game lasted 00:00:44 (1605 turns).

qw the Shooter (Deep Elf Hunter)                    Turns: 1605, Time: 00:00:44

Health: -2/25      AC:  5    Str: 10    XL:     4   Next: 28%
Magic:  6/6        EV: 16    Int: 14    God:
Gold:   103        SH:  5    Dex: 18    Spells: 3/3 levels left

rFire   . . .        Y - +1 shortbow
rCold   . . .        (shield currently unavailable)
rNeg    . . .        e - +0 ring mail
rPois   .            (no helmet)
rElec   .            (no cloak)
rCorr   .            (no gloves)
SInv    .            (no boots)
Will    .....        b - amulet of reflection
Stlth   +            c - +5 ring of evasion
HPRegen 0.24/turn    (no ring)
MPRegen 0.10/turn

%: reflection
@: no status effects
A: no striking features
a: no special abilities


You were on level 2 of the Dungeon.
You visited 1 branch of the dungeon, and saw 2 of its levels.

You collected 103 gold pieces.


   Skills:
 - Level 1.5 Fighting
 + Level 7.7 Ranged Weapons
 - Level 2.4 Dodging
 - Level 1.2 Stealth


You had 3 spell levels left.
You didn't know any spells.
Your spell library was empty.

Inventory:

Hand Weapons
 Y - a +1 shortbow (weapon)
Armour
 e - a +0 ring mail (worn)
Jewellery
 b - an amulet of reflection (around neck)
 c - a +5 ring of evasion (left hand)
Potions
 d - a potion of invisibility {unknown}
 f - a potion of attraction {unknown}
 g - a potion of curing {unknown}

Dungeon Overview and Level Annotations

Branches:
Dungeon (2/15)

Altars:
Yredelemnul

Annotations:
D:2 Sigmund


Message History

You continue putting on your amulet of reflection. x2
Sigmund hits you from afar with a +0 scythe.
You finish putting on your amulet of reflection.
You feel a shielding aura gather around you.
b - an amulet of reflection (around neck)
Enter note:
Enter note:
Enter note:
Enter note:
Enter note:
Enter note:
Enter note:
Enter note:
Enter note:
Enter note:
Enter note:
Enter note:
Enter note:
Enter note:
Enter note:
1599 ||| UPGRADING to +5 ring of evasion.
c - a +5 ring of evasion (left hand)
Enter note:
Enter note:
Enter note:
Enter note:
Enter note:
Enter note:
Enter note:
Enter note:
Enter note:
Enter note:
Enter note:
Enter note:
1605 ||| READING scroll labelled NUOMAU LUIH.
As you read the scroll labelled NUOMAU LUIH, it crumbles to dust.
It is a scroll of enchant weapon.
Your +0 shortbow glows red for a moment.
Sigmund hits you from afar with a +0 scythe.
You die...

.%###.####.
.........#.
.#....##.#.
##...>.#.#.
....#..#.#.
###....#.#.#######
.......#.#.....@.#
####...#.#######.#
...#...#.# #@#
##.##.##.# #.#
#.##....# #.#
#.####### #.#
#.#############.#
#....[..........#
#################


You could see Sigmund.

Vanquished Creatures
  2 adders (D:2)
  3 worms (D:2)
  2 dart slugs
  A ball python (D:2)
  5 endoplasms
  10 goblins
  4 hobgoblins
  4 jackals
  2 quokkas
  4 bats
  4 frilled lizards
  8 kobolds
  A rat (D:1)
50 creatures vanquished.

Notes
Turn   | Place    | Note
-------+----------+-------------------------------------------
     0 | D:1      | qw the Deep Elf Hunter began the quest for the Orb.
     0 | D:1      | Reached XP level 1. HP: 12/12 MP: 3/3
     0 | D:1      | 0 ||| qw: Version: 0.3-a-9-g12657ce
     0 | D:1      | 0 ||| qw: Game counter: 1845
     0 | D:1      | 0 ||| qw: Always use a shield: true
     0 | D:1      | 0 ||| qw: God list: Okawaru
     0 | D:1      | 0 ||| qw: Allow faded altars: false
     0 | D:1      | 0 ||| qw: Do Orc after D:15 true
     0 | D:1      | 0 ||| qw: Do second Lair branch before Depths: true
     0 | D:1      | 0 ||| qw: Lair rune preference: random
     0 | D:1      | 0 ||| qw: Plans: Normal
     0 | D:1      | 0 ||| PLANNING D:1-11
   126 | D:1      | Reached XP level 2. HP: 16/16 MP: 4/4
   130 | D:1      | Found a faded altar of an unknown god.
   137 | D:1      | Reached skill level 6 in Ranged Weapons
   562 | D:1      | Reached XP level 3. HP: 20/20 MP: 5/5
   934 | D:1      | 934 ||| UPGRADING to +0 ring mail.
   944 | D:1      | 944 ||| DROPPING +0 leather armour.
   945 | D:1      | 945 ||| READING scroll labelled HOIRAZXYRO.
   946 | D:1      | 946 ||| READING scroll labelled VAHAHU WAGEP.
   947 | D:1      | 947 ||| READING scroll labelled SEMPIPSA ELLUA.
   986 | D:1      | 986 ||| DROPPING scroll of butterflies.
  1106 | D:2      | Found a basalt altar of Yredelemnul.
  1116 | D:2      | Reached skill level 7 in Ranged Weapons
  1122 | D:2      | 1122 ||| FLEEEEING.
  1123 | D:2      | 1123 ||| FLEEEEING.
  1174 | D:2      | 1174 ||| FLEEEEING.
  1311 | D:2      | Reached XP level 4. HP: 25/25 MP: 6/6
  1579 | D:2      | Noticed Sigmund
  1593 | D:2      | 1593 ||| UPGRADING to amulet of reflection.
  1594 | D:2      | HP: 2/25 [Sigmund/+0 scythe (7)]
  1599 | D:2      | 1599 ||| UPGRADING to +5 ring of evasion.
  1605 | D:2      | 1605 ||| READING scroll labelled NUOMAU LUIH.
  1605 | D:2      | Slain by Sigmund

Levels and vault maps discovered:
D:1:      dpeg_arrival_shelter, layout_loops_corners,
          shapermc_ecumenical_altar_mp_highgroup, st_stairs_2,
          grunt_decor_arrowhead
D:2:      layout_basic, basic_altar, minmay_pentomino_w2, uniq_sigmund

Skill      XL: |  1  2  3 |
---------------+----------+-----
Ranged Weapons | 6 7 |  7.7
Fighting       | |  1.5
Dodging        | |  2.4
Stealth        | |  1.2

Action                     |  1- 3 |  4- 6 || total
---------------------------+-------+-------++-------
   Fire: Shortbow          |   129 |    29 ||   158
    Use: Scroll            |     3 |     1 ||     4
 Armour: Leather armour    |    11 |       ||    11
         Ring mail         |     5 |     2 ||     7
  Dodge: Dodged            |    26 |     7 ||    33

Table legend:
 A = Non-vault XP
 B = Vault XP
 C = Vault XP percentage of total XP
 D = Non-vault monster count
 E = Vault monster count
 F = Vault count percentage of total count
                 A         B        C        D         E       F
            +---------+---------+-------+---------+---------+-------
      Total |     120 |       5 |   4.0 |      47 |       3 |   6.0
            +---------+---------+-------+---------+---------+-------
        D:1 |      46 |       3 |   6.1 |      25 |       2 |   7.4
        D:2 |      74 |       2 |   2.6 |      22 |       1 |   4.3
            +---------+---------+-------+---------+---------+-------
